AoeStats
← Black_Mahler

Nomad

508338096Analyzed
2v2 RM · 12d ago on Sep 22, 2026· 17m 31s· 4 players
Game mode
Random Map
Map size
176×176
Population
200
Speed
Normal
Resources
Standard
Victory
Conquest
Starting age
Dark Age
Ending age
Imperial Age
RankedLock teamsTeams togetherTeam positionsShared explorationLock speedFull tech treeHidden civsTurbo modeCheats
Victory
Defeat
🇨🇴 Huns · Colombia
1102
+9
🇨🇴 Muisca · Colombia
1004
+12
🇺🇸 Mongols · United States
943
-11
🇯🇵 Malay · Japan
914
-10
Spaceman Spiff
4:54 Loom
5:26 Loom
13:16 Feudal Age
takoyaki
3:12 Loom
4:49 Loom
16:11 Feudal Age
Ivar the Boneless
6:08 Loom
16:02 Feudal Age
17:15 Double-Bit Axe
17:26 Gold Mining
17:49 Forging
Black_Mahler
5:12 Loom
17:25 Feudal Age
Connection lost

Rejoining the realm…

Still unreachable

The connection could not be restored.

Session expired

The server has moved on; the page needs a fresh start.